 Dungeon Crawl Stone Soup version 0.19.0-16-g73b5abf (webtiles) character file.

145 Torgrim the Cudgeler (level 5, -6/50 HPs)
             Began as a Troll Berserker on Nov 10, 2016.
             Was a Priest of Trog.
             Mangled by an iguana (8 damage)
             ... on level 4 of the Dungeon on Nov 11, 2016.
             The game lasted 00:16:18 (1524 turns).

Torgrim the Cudgeler (Troll Berserker)              Turns: 1524, Time: 00:16:18

Health: -6/50      AC:  5    Str: 26    XL:     5   Next: 6%
Magic:  4/4        EV: 10    Int:  3    God:    Trog [***...]
Gold:   92         SH:  0    Dex:  9    Spells: 0 memorised, 4 levels left

rFire  . . .     SeeInvis .     a - +0 mace
rCold  . . .     Gourm    +     b - +0 animal skin
rNeg   . . .     Faith    .     (no shield)
rPois  .         Spirit   .     (helmet restricted)
rElec  .         Reflect  .     (no cloak)
rCorr  .         Harm     .     (gloves unavailable)
MR     .....                    (boots unavailable)
Stlth  +.........               (no amulet)
                                (no ring)
                                (no ring)

@: no status effects
A: unfitting armour, claws 3, fast metabolism 3, gourmand, regeneration 1,
shaggy fur 1, tough skin 2
a: Berserk, Trog's Hand, Burn Spellbooks, Renounce Religion


You were on level 4 of the Dungeon.
You worshipped Trog.
Trog was most pleased with you.
You were hungry.

You visited 1 branch of the dungeon, and saw 3 of its levels.

You collected 92 gold pieces.

Inventory:

Hand Weapons
 a - a +0 mace (weapon)
Armour
 b - a +0 animal skin (worn)
Scrolls
 d - a scroll of teleportation
 i - 2 scrolls of remove curse {unknown}
 j - a scroll of noise {unknown}
 m - 2 scrolls of magic mapping {unknown}
 o - a scroll of enchant weapon {unknown}
Potions
 e - a potion of cancellation {unknown}
 g - a potion of flight {unknown}
 h - 2 potions of haste {unknown}
 k - a potion of invisibility {unknown}
 p - a potion of might {unknown}
Comestibles
 c - 4 bread rations
 f - a royal jelly
 l - 2 fruits
 n - a slice of pizza


   Skills:
 - Level 2.6 Fighting
 + Level 5.0 Maces & Flails
 - Level 2.6 Dodging


You had 4 spell levels left.
You didn't know any spells.

Dungeon Overview and Level Annotations

Branches:
Dungeon (2/15)

Altars:

Annotations:
D:2 Natasha


Innate Abilities, Weirdness & Mutations

You are too large for most types of armour.
You have claws for hands.
Your metabolism is lightning-fast.
You like to eat raw meat.
Your natural rate of healing is unusually fast.
You are covered in fur. (AC +1)
You have very tough skin. (AC +2)


Message History

The iguana bites you.
You closely miss the iguana.
The iguana is severely wounded.
The iguana barely misses you.
You barely miss the iguana.
The iguana is severely wounded.
You are feeling hungry.
The iguana bites you!
* * * LOW HITPOINT WARNING * * *
You hit the iguana.
The iguana is severely wounded.
The iguana barely misses you.
You hit the iguana but do no damage.
The iguana is severely wounded.
The iguana barely misses you. The iguana bites you!
* * * LOW HITPOINT WARNING * * *
You hit the iguana but do no damage.
The iguana is severely wounded.
The iguana bites you!
You die...

#.##..#.#####........#
#.....#.....#........#
......................
..#..#..............#
#.......^............
#######'#...#######.#
.................
###.###.#.###### #.#@#
.......l..#
..#.....$.# ##......#
........# ##.#.#.#..
#.#(#.#### # #<#.#


You could see an iguana.

Vanquished Creatures
  Natasha (twice) (D:2)
  2 adders (D:2)
  An ooze (D:2)
  An adder skeleton (D:4)
  2 worms (D:2)
  4 dart slugs
  2 leopard geckos
  2 giant cockroaches
  5 goblins
  6 hobgoblins
  9 jackals
  3 bats
  2 frilled lizards (D:2)
  7 kobolds (D:1)
  10 rats
58 creatures vanquished.

Notes
Turn   | Place    | Note
-------+----------+-------------------------------------------
     0 | D:1      | Torgrim the Troll Berserker began the quest for the Orb.
     0 | D:1      | Reached XP level 1. HP: 22/22 MP: 0/0
   118 | D:1      | Reached XP level 2. HP: 29/29 MP: 1/1
   162 | D:1      | Reached skill level 3 in Maces & Flails
   329 | D:1      | Reached ** piety under Trog
   399 | D:1      | Reached XP level 3. HP: 35/36 MP: 2/2
   809 | D:2      | Reached skill level 4 in Maces & Flails
   941 | D:2      | Reached XP level 4. HP: 22/44 MP: 3/3
  1264 | D:2      | Noticed Natasha
  1270 | D:2      | Killed Natasha
  1360 | D:2      | Noticed Natasha
  1378 | D:2      | HP: 3/66 [Natasha (5)]
  1379 | D:2      | HP: 1/66 [Natasha (3)]
  1381 | D:2      | Killed Natasha
  1381 | D:2      | Reached *** piety under Trog
  1381 | D:2      | Reached skill level 5 in Maces & Flails
  1381 | D:2      | Reached XP level 5. HP: 2/50 MP: 4/4
  1462 | D:2      | Noticed Natasha
  1463 | D:2      | You fall through a shaft for 2 floors!
  1463 | D:4      | Noticed an orc warrior
  1523 | D:4      | HP: 1/50 [iguana (11)]
  1524 | D:4      | Mangled by an iguana

Skill      XL: |  1  2  3  4 |
---------------+-------------+-----
Maces & Flails | 3 4 5 |  5.0
Fighting       | |  2.6
Dodging        | |  2.6

Action                   |  1- 3 |  4- 6 || total
-------------------------+-------+-------++-------
Melee: Mace              |   151 |    87 ||   238
Invok: Berserk           |     1 |     2 ||     3
  Use: Scroll            |       |     1 ||     1
  Eat: Chunk             |     5 |     5 ||    10
       Bread ration      |     1 |       ||     1
Armor: Animal skin       |    90 |    17 ||   107
Dodge: Dodged            |   100 |    54 ||   154
